 Dungeon Crawl Stone Soup version 0.31.0-9-g3a7656b989 (webtiles) character file.

Game seed: 13315799623439538863

130 qw the Shooter (level 4, -2/23 HPs)
             Began as a Spriggan Hunter on Feb 2, 2024.
             Frozen to death by an endoplasm (5 damage)
             ... on level 3 of the Dungeon.
             The game lasted 00:00:09 (1770 turns).

qw the Shooter (Spriggan Hunter)                    Turns: 1770, Time: 00:00:09

Health: -2/23      AC:  5    Str:  7    XL:     4   Next: 89%
Magic:  5/5        EV: 20    Int: 10    God:
Gold:   8          SH:  0    Dex: 20    Spells: 3/3 levels left

rFire   . . .        a - +0 shortbow
rCold   . . .        (shield currently unavailable)
rNeg    . . .        c - +0 robe
rPois   .            (helmet restricted)
rElec   .            k - +2 cloak
rCorr   .            (gloves unavailable)
SInv    +            (boots unavailable)
Will    .....        (no amulet)
Stlth   ++           (no ring)
HPRegen 0.23/turn    (no ring)
MPRegen 0.09/turn

%: no passive effects
@: about to teleport, very quick
A: very small, no large weapons, unfitting armour, see invisible, speed 3
a: no special abilities


You were on level 3 of the Dungeon.
You visited 1 branch of the dungeon, and saw 3 of its levels.

You collected 80 gold pieces.
You spent 72 gold pieces at shops.


Innate Abilities, Weirdness & Mutations

You are very small and have problems with some larger weapons.
You are too small for most types of armour.
You have supernaturally acute eyesight. (SInv)
You cover ground extremely quickly. (Speed+++)


   Skills:
 - Level 2.0 Fighting
 + Level 5.1 Ranged Weapons
 - Level 5.0 Dodging
 - Level 1.5 Stealth


You had 3 spell levels left.
You didn't know any spells.
Your spell library was empty.

Inventory:

Hand Weapons
 a - a +0 shortbow (weapon)
Armour
 c - a +0 robe (worn)
 k - a +2 cloak (worn)
Jewellery
 g - a ring of fire
Scrolls
 d - a scroll of enchant armour {unknown}
 h - a scroll of fog {unknown}
 l - 2 scrolls of teleportation
Potions
 b - a potion of haste {unknown}
 e - 3 potions of enlightenment
 f - a potion of degeneration {unknown}
 i - a potion of berserk rage {unknown}
 j - a potion of might {unknown}
 m - 2 potions of curing

Dungeon Overview and Level Annotations

Branches:
Dungeon (3/15)

Altars:
Qazlal
Zin

Shops:
D:3 !!

Annotations:
D:3 Sigmund


Message History

The frilled lizard completely misses you.
The endoplasm misses you.
You hear a bark!
You shoot an arrow. The arrow barely misses the hobgoblin.
Sigmund closely misses you. The frilled lizard misses you.
The hobgoblin completely misses you. The endoplasm closely misses you.
You shoot an arrow. The arrow hits the hobgoblin.
You kill the hobgoblin!
The endoplasm freezes you.
You are frozen.
The frilled lizard barely misses you. Sigmund completely misses you.
You shoot an arrow. The arrow hits the frilled lizard.
You kill the frilled lizard!
The endoplasm freezes you.
You are frozen.
You shoot an arrow. The arrow closely misses the kobold.
The jackal completely misses you.
A jackal comes into view.
The endoplasm misses you. Sigmund misses you. The kobold misses you.
The jackal completely misses you.
You shoot an arrow. The arrow closely misses the kobold.
The jackal barks!
The jackal misses you. The endoplasm freezes you.
You are frozen.
The kobold completely misses you. Sigmund closely misses you.
The jackal closely misses you.
You shoot an arrow. The arrow barely misses the kobold.
The endoplasm completely misses you. The kobold hits you but does no damage.
The jackal bites you but does no damage.
The endoplasm freezes you.
You are frozen.
Sigmund screams, "Only death can liberate you!"
Sigmund misses you. The kobold closely misses you.
1770 ||| READING 3 scrolls of teleportation.
As you read the scroll of teleportation, it crumbles to dust.
You feel strangely unstable. The jackal completely misses you.
The endoplasm freezes you.
You are frozen.
You die...

...#.#. ..\ ####
#...... .. .... #.....
.. ###.. #...#.#. .....
#......h ...[.
#....@####... ##..
#...hJ......# #..
#...K@## #.. ....##..<#
### ###.####.#######
#####. ...............
...... ..)..##.#######
####.# .... #.##
####.... ... #..##
#.....##
.....###..######.##....
.......................


You could see Sigmund, an endoplasm, 2 jackals and a kobold.

Vanquished Creatures
  3 gnolls (D:3)
  4 adders (D:2)
  A dart slug (D:2)
  2 bats (D:3)
  2 endoplasms (D:2)
  5 giant cockroaches
  5 goblins
  8 hobgoblins
  6 jackals
  2 quokkas
  7 ball pythons
  5 frilled lizards
  6 kobolds
  3 rats
59 creatures vanquished.

Notes
Turn   | Place    | Note
-------+----------+-------------------------------------------
     0 | D:1      | qw the Spriggan Hunter began the quest for the Orb.
     0 | D:1      | Reached XP level 1. HP: 10/10 MP: 2/2
     0 | D:1      | 0 ||| qw: Version: 0.3-a-155-g5e7d8dd
     0 | D:1      | 0 ||| qw: Game counter: 1408
     0 | D:1      | 0 ||| qw: Melee chars always use a shield: true
     0 | D:1      | 0 ||| qw: God list: Okawaru
     0 | D:1      | 0 ||| qw: Allow faded altars: false
     0 | D:1      | 0 ||| qw: Do Orc after clearing Dungeon:15 true
     0 | D:1      | 0 ||| qw: Do second Lair branch before Depths: true
     0 | D:1      | 0 ||| qw: Lair rune preference: random
     0 | D:1      | 0 ||| qw: Goals: Normal
     0 | D:1      | 0 ||| PLANNING D:1-11
    36 | D:1      | Reached skill level 3 in Dodging
   170 | D:1      | Reached XP level 2. HP: 12/14 MP: 3/3
   460 | D:1      | Found a faded altar of an unknown god.
   597 | D:1      | 597 ||| READING 2 scrolls labelled RAGAUDY MAXKIQIS.
   597 | D:1      | 597 ||| IDENTIFYING bubbling brown potion
   598 | D:1      | 598 ||| READING scroll of identify.
   598 | D:1      | 598 ||| IDENTIFYING 3 sedimented pink potions
   599 | D:1      | 599 ||| DROPPING scroll of butterflies.
   600 | D:1      | 600 ||| DROPPING potion of brilliance.
   627 | D:2      | 627 ||| STAIRDANCE
   636 | D:2      | 636 ||| STAIRDANCE
   699 | D:2      | 699 ||| STAIRDANCE
   738 | D:2      | Reached XP level 3. HP: 18/18 MP: 4/4
  1034 | D:2      | Reached XP level 4. HP: 22/22 MP: 5/5
  1101 | D:2      | Found a glowing silver altar of Zin.
  1301 | D:2      | 1301 ||| FLEEEEING.
  1303 | D:2      | 1303 ||| FLEEEEING.
  1305 | D:2      | 1305 ||| FLEEEEING.
  1306 | D:2      | 1306 ||| STAIRDANCE
  1318 | D:1      | 1318 ||| UPGRADING to +2 cloak.
  1323 | D:1      | 1323 ||| READING scroll labelled KUIC KODGHAEJE.
  1324 | D:1      | 1324 ||| READING scroll labelled DOSY KUEZAREC.
  1535 | D:3      | 1535 ||| STAIRDANCE
  1540 | D:3      | 1540 ||| STAIRDANCE
  1543 | D:3      | 1543 ||| STAIRDANCE
  1584 | D:3      | Found a stormy altar of Qazlal.
  1653 | D:3      | Found Esorruq's Distillery.
  1659 | D:3      | 1659 ||| BUYING 2 potions of curing (72 gold).
  1659 | D:3      | Bought 2 potions of curing for 72 gold pieces
  1659 | D:3      | 1659 ||| SHOPLISTING 2 potions of enlightenment (120 gold,
                  | have 8).
  1659 | D:3      | 1659 ||| SHOPLISTING potion of curing (36 gold, have 8).
  1659 | D:3      | 1659 ||| SHOPLISTING potion of enlightenment (60 gold, have
                  | 8).
  1659 | D:3      | 1659 ||| SHOPLISTING potion of haste (120 gold, have 8).
  1659 | D:3      | 1659 ||| SHOPLISTING potion of heal wounds (60 gold, have
                  | 8).
  1751 | D:3      | Found Naezooh's Distillery.
  1753 | D:3      | Noticed Sigmund
  1769 | D:3      | HP: 3/23 [frozen (5)]
  1770 | D:3      | 1770 ||| READING 3 scrolls of teleportation.
  1770 | D:3      | Frozen to death by an endoplasm

Levels and vault maps discovered:
D:1:      orjb1_clovarrival, layout_loops_ring,
          hellmonk_ecumenical_altar_run_dry, minmay_misc_feat_cross
D:2:      layout_basic, basic_altar, minmay_misc_feat_alley
D:3:      layout_rooms, nicolae_qazlal_scattered_showers, serial_shops, shop,
          nicolae_square_shop, uniq_sigmund

Skill      XL: |  1  2  3  4 |
---------------+-------------+-----
Dodging        | 3 4 5 |  5.0
Ranged Weapons | 5 |  5.1
Fighting       | 2 |  2.0
Stealth        | |  1.5

Action                     |  1- 3 |  4- 6 || total
---------------------------+-------+-------++-------
   Fire: Shortbow          |   136 |    80 ||   216
    Use: Scroll            |     2 |     3 ||     5
 Armour: Robe              |    22 |    12 ||    34
  Dodge: Dodged            |   101 |   103 ||   204

Table legend:
 A = Non-vault XP
 B = Vault XP
 C = Vault XP percentage of total XP
 D = Non-vault monster count
 E = Vault monster count
 F = Vault count percentage of total count
                 A         B        C        D         E       F
            +---------+---------+-------+---------+---------+-------
      Total |     186 |       0 |   0.0 |      59 |       0 |   0.0
            +---------+---------+-------+---------+---------+-------
        D:1 |      28 |       0 |   0.0 |      16 |       0 |   0.0
        D:2 |      97 |       0 |   0.0 |      29 |       0 |   0.0
        D:3 |      61 |       0 |   0.0 |      14 |       0 |   0.0
            +---------+---------+-------+---------+---------+-------
